Rangers vs Jets

Created - 24 janvier 2016 at 19:03

Goals
1 2 3 T
Rangers 0 1 0 1
Jets 0 1 1 2
Shots
1 2 3 T
Rangers 5 10 9 24
Jets 4 15 6 25

1st period

No Goal

Penalties :
Tomas Kopecky (Win) for Holding (Minor) at 4:15, Eric Fehr (Win) for Hooking (Minor) at 6:47, Matt Greene (NYR) for Roughing (Minor) at 9:43

2nd period

1. Jets , Daniel Sedin 7 (Anton Volchenkov) at 5:20
2. Rangers , Ryan Whitney 3 (Milan Lucic, Patrice Bergeron) at 6:49 (PP)

Penalties :
George Parros (Win) for Roughing (Double Minor) at 6:36, Ryan Whitney (NYR) for Hooking (Minor) at 11:30

3rd period

3. Jets , Derek Roy 21 (Dustin Brown, Benoit Pouliot) at 18:01 (PP)

Penalties :
Blair Betts (Win) for Interference (Minor) at 1:11, Benoit Pouliot (Win) for High sticking (Minor) at 11:08, Milan Lucic (NYR) for Holding (Minor) at 17:47, Anton Volchenkov (Win) for Holding (Minor) at 19:44

Goalie Stats

Henrik Lundqvist (NYR), 23 saves from 25 shots - (0,920), L, 9-18-4, 59:08 minutes
Kari Lehtonen (Win), 23 saves from 24 shots - (0,958), W, 15-13-2, 60:00 minutes

Players Stats for Rangers

Player Name              G  A  P  +/- PIM S  H  SB GA TA FO     MP     PP MP  PK MP  
------------------------------------------------------------------------------------
Alexei Emelin            0  0  0  -1  0   1  2  0  0  1  0/0    14:00   0:00   2:40 
Cam Barker               0  0  0   0  0   1  0  2  1  0  0/0    28:18   6:01   2:25 
Chris Bourque            0  0  0   0  0   1  1  0  0  0  0/0     6:21   0:00   0:38 
Drew Stafford            0  0  0  -1  0   0  2  0  0  1  0/1    18:11   4:52   0:00 
Igor Radulov             0  0  0   0  0   1  1  0  0  0  0/0    12:09   0:00   0:00 
Jakob Silfverberg        0  0  0   0  0   0  2  0  0  0  0/0     6:26   0:14   0:00 
Johan Franzen            0  0  0   0  0   1  1  0  0  0  2/5    20:02   5:17   1:03 
Mark Fistric             0  0  0   0  0   1  2  1  0  0  0/0    20:16   4:22   1:47 
Matt Greene              0  0  0   0  2   0  1  0  1  0  0/0    19:24   4:22   0:33 
Matt Read                0  0  0   0  0   1  1  0  0  0  0/0    12:55   0:14   0:00 
Mike Cammalleri          0  0  0  -1  0   4  3  0  0  0  0/0    19:28   4:52   1:03 
Milan Lucic              0  1  1   0  2   1  2  0  1  0  7/10   25:24   5:17   2:14 
Nick Foligno             0  0  0   0  0   0  0  0  0  0  0/0     2:00   0:14   0:00 
Patrice Bergeron         0  1  1   0  0   5  0  0  2  0  5/22   21:16   5:17   2:31 
Radek Bonk               0  0  0  -1  0   2  1  0  0  0  4/13   18:14   4:52   0:03 
Ryan Whitney             1  0  1   0  2   2  2  1  0  1  0/0    26:46   6:01   0:59 
Staffan Kronwall         0  0  0  -1  0   0  0  0  0  2  0/0    11:31   0:00   0:00 
Valtteri Filppula        0  0  0   0  0   3  1  0  1  0  3/13   13:04   0:00   0:52 

Players Stats for Jets

Player Name              G  A  P  +/- PIM S  H  SB GA TA FO     MP     PP MP  PK MP  
------------------------------------------------------------------------------------
Adam Pardy               0  0  0   0  0   0  2  0  0  1  0/0    13:51   0:16   0:00 
Anton Volchenkov         0  1  1   1  2   0  0  1  0  0  0/0    22:16   1:39   3:55 
Benoit Pouliot           0  1  1   0  2   2  0  2  0  0  0/0    17:17   2:44   1:09 
Blair Betts              0  0  0   0  2   3  1  0  1  1  1/3     8:01   0:00   0:00 
Brendan Bell             0  0  0   0  0   2  1  0  0  0  0/0    19:37   1:39   3:55 
Chris Phillips           0  0  0   0  0   0  1  0  2  0  0/0    22:57   2:17   6:28 
Daniel Sedin             1  0  1   1  0   4  3  0  1  0  0/0    17:24   1:22   3:28 
Darroll Powe             0  0  0   1  0   0  0  0  0  1  17/22  18:13   0:14   5:46 
Derek Roy                1  0  1   0  0   3  2  2  0  0  16/23  20:07   2:36   3:15 
Dmitri Kalinin           0  0  0   1  0   1  2  0  0  1  0/0    27:49   2:33   6:05 
Dustin Brown             0  1  1   0  0   2  0  0  0  1  1/2    22:25   2:44   5:46 
Eric Fehr                0  0  0   0  2   0  0  0  0  0  0/0     9:40   0:00   1:22 
Fredrik Sjostrom         0  0  0   0  0   1  0  0  0  0  0/0     7:47   0:00   0:00 
George Parros            0  0  0   1  4   0  3  0  0  0  0/0    11:03   0:00   0:00 
Jussi Jokinen            0  0  0   0  0   4  0  0  0  0  0/2    13:29   1:28   0:00 
Marco Scandella          0  0  0   0  0   2  3  0  1  1  0/0    13:29   0:00   0:23 
Mikko Koivu              0  0  0   0  0   1  2  0  0  0  7/11   12:37   1:28   0:00 
Tomas Kopecky            0  0  0   0  2   0  0  1  0  0  1/1    11:29   0:00   0:00 

3 Stars

1 - Kari Lehtonen (Win)
2 - Daniel Sedin (Win)
3 - Derek Roy (Win)

Power Play

Rangers - 1 on 7 Attempt(s) - 14,29%
Jets - 1 on 3 Attempt(s) - 33,33%

Penalty Kill

Rangers - 2 on 3 Attempt(s) - 66,67% - Score 0 goal in Penalty Kill
Jets - 6 on 7 Attempt(s) - 85,71% - Score 0 goal in Penalty Kill

Team Stat

Rangers - Hits : 22 - Faceoff Wins : 21 - Blocked Shots : 4 - Penalty Minutes : 6
Jets - Hits : 20 - Faceoff Wins : 43 - Blocked Shots : 6 - Penalty Minutes : 14

Official

Referees : Hebert Ghislain and O'Rourke Dan
Linesman : Brad Kovachik and Pierre Racicot

Game Notes

4:15 of 2nd period - Rangers goal is going for a video replay. After video review, No Goal. The puck has entered the net after making contact with an attacking player’s stick that is above the height of the crossbar.

Finance

Level 1 -- Attendance: 5401 (90,02%) -- Ticket Income 405 075 $
Level 2 -- Attendance: 4581 (91,62%) -- Ticket Income 229 050 $
Level 3 -- Attendance: 1888 (94,40%) -- Ticket Income 47 200 $
Level 4 -- Attendance: 3658 (91,45%) -- Ticket Income 65 844 $
Luxury Box -- Attendance: 946 (94,60%) -- Ticket Income 151 360 $
Game was played at the MTS Center.
Total Attendance: 16474 (91,52%)
Total Ticket Income: 898 529 $
Other Income: 134 779 $
Total Income: 1 033 308 $

Rangers

5 vs 5 Forward 
   Center                   Left Wing                Right Wing               Time % Phy DF OF 
 1 Patrice Bergeron         Milan Lucic              Johan Franzen            40     1   2  2  
 2 Radek Bonk               Mike Cammalleri          Drew Stafford            30     1   2  2  
 3 Valtteri Filppula        Igor Radulov             Matt Read                20     1   2  2  
 4 Milan Lucic              Chris Bourque            Jakob Silfverberg        10     1   2  2  

5 vs 5 Defense 
   Defense                  Defense                                           Time % Phy DF OF 
 1 Cam Barker               Ryan Whitney                                      40     1   2  2  
 2 Mark Fistric             Matt Greene                                       30     1   2  2  
 3 Staffan Kronwall         Alexei Emelin                                     20     1   2  2  
 4 Cam Barker               Ryan Whitney                                      10     1   2  2  

PowerPlay Forward 
   Center                   Left Wing                Right Wing               Time % Phy DF OF 
 1 Patrice Bergeron         Milan Lucic              Johan Franzen            60     1   2  2  
 2 Radek Bonk               Mike Cammalleri          Drew Stafford            40     1   2  2  

PowerPlay Defense
   Defense                  Defense                                           Time % Phy DF OF 
 1 Cam Barker               Ryan Whitney                                      60     1   2  2  
 2 Mark Fistric             Matt Greene                                       40     1   2  2  

Penalty Kill 4 Players Forward 
   Center                   Wing                     Time % Phy DF OF 
 1 Milan Lucic              Patrice Bergeron         60     1   2  2  
 2 Johan Franzen            Mike Cammalleri          40     1   2  2  

Penalty Kill 4 Players Defense
   Defense                  Defense                  Time % Phy DF OF 
 1 Cam Barker               Ryan Whitney             60     1   2  2  
 2 Mark Fistric             Matt Greene              40     1   2  2  

Penalty Kill - 3 Players Forward 
   Forward                                           Time % Phy DF OF 
 1 Milan Lucic                                       60     1   2  2  
 2 Patrice Bergeron                                  40     1   2  2  

Penalty Kill - 3 Players Defense
   Defense                  Defense                  Time % Phy DF OF 
 1 Cam Barker               Ryan Whitney             60     1   2  2  
 2 Mark Fistric             Matt Greene              40     1   2  2  

4 vs 4 Forward 
   Center                   Wing                     Time % Phy DF OF 
 1 Milan Lucic              Patrice Bergeron         60     1   2  2  
 2 Johan Franzen            Mike Cammalleri          40     1   2  2  

4 vs 4 Defense
   Defense                  Defense                  Time % Phy DF OF 
 1 Cam Barker               Ryan Whitney             60     1   2  2  
 2 Mark Fistric             Matt Greene              40     1   2  2  

Last Minutes Offensive
   Center                   Left Wing                Right Wing               Defense                  Defense                  
   Patrice Bergeron         Milan Lucic              Johan Franzen            Cam Barker               Ryan Whitney             

Last Minutes Defensive
   Center                   Left Wing                Right Wing               Defense                  Defense                  
   Patrice Bergeron         Milan Lucic              Johan Franzen            Cam Barker               Ryan Whitney             

Goaltenders
Starting : Henrik Lundqvist         
Backup : Hannu Toivonen           

Extra Forwards
Normal : Nick Foligno, Matt Read, Valtteri Filppula - PP : Nick Foligno, Matt Read - PK : Valtteri Filppula
Extra Defensemen
Normal : Staffan Kronwall, Alexei Emelin, Mark Fistric - PP : Staffan Kronwall - PK : Alexei Emelin, Mark Fistric
Penalty Shots
Milan Lucic, Patrice Bergeron, Johan Franzen, Mike Cammalleri, Drew Stafford

Jets

5 vs 5 Forward 
   Center                   Left Wing                Right Wing               Time % Phy DF OF 
 1 Derek Roy                Benoit Pouliot           Dustin Brown             38     1   2  2  
 2 Mikko Koivu              Jussi Jokinen            Tomas Kopecky            28     1   2  2  
 3 Darroll Powe             Daniel Sedin             George Parros            24     1   2  2  
 4 Blair Betts              Fredrik Sjostrom         Eric Fehr                10     1   2  2  

5 vs 5 Defense 
   Defense                  Defense                                           Time % Phy DF OF 
 1 Dmitri Kalinin           Anton Volchenkov                                  40     1   2  2  
 2 Chris Phillips           Brendan Bell                                      30     1   2  2  
 3 Adam Pardy               Marco Scandella                                   20     1   2  2  
 4 Marco Scandella          Dmitri Kalinin                                    10     1   2  2  

PowerPlay Forward 
   Center                   Left Wing                Right Wing               Time % Phy DF OF 
 1 Derek Roy                Benoit Pouliot           Dustin Brown             60     1   2  2  
 2 Mikko Koivu              Jussi Jokinen            Daniel Sedin             40     1   2  2  

PowerPlay Defense
   Defense                  Defense                                           Time % Phy DF OF 
 1 Dmitri Kalinin           Chris Phillips                                    60     1   2  2  
 2 Anton Volchenkov         Brendan Bell                                      40     1   2  2  

Penalty Kill 4 Players Forward 
   Center                   Wing                     Time % Phy DF OF 
 1 Darroll Powe             Dustin Brown             60     1   2  2  
 2 Derek Roy                Daniel Sedin             40     1   2  2  

Penalty Kill 4 Players Defense
   Defense                  Defense                  Time % Phy DF OF 
 1 Dmitri Kalinin           Chris Phillips           60     1   3  1  
 2 Anton Volchenkov         Brendan Bell             40     1   3  1  

Penalty Kill - 3 Players Forward 
   Forward                                           Time % Phy DF OF 
 1 Darroll Powe                                      60     1   2  2  
 2 Dustin Brown                                      40     1   2  2  

Penalty Kill - 3 Players Defense
   Defense                  Defense                  Time % Phy DF OF 
 1 Dmitri Kalinin           Adam Pardy               60     1   4  0  
 2 Anton Volchenkov         Brendan Bell             40     1   4  0  

4 vs 4 Forward 
   Center                   Wing                     Time % Phy DF OF 
 1 Benoit Pouliot           Derek Roy                60     1   2  2  
 2 Dustin Brown             Mikko Koivu              40     1   2  2  

4 vs 4 Defense
   Defense                  Defense                  Time % Phy DF OF 
 1 Dmitri Kalinin           Chris Phillips           60     1   2  2  
 2 Anton Volchenkov         Marco Scandella          40     1   2  2  

Last Minutes Offensive
   Center                   Left Wing                Right Wing               Defense                  Defense                  
   Derek Roy                Benoit Pouliot           Dustin Brown             Dmitri Kalinin           Anton Volchenkov         

Last Minutes Defensive
   Center                   Left Wing                Right Wing               Defense                  Defense                  
   Darroll Powe             Jussi Jokinen            Daniel Sedin             Dmitri Kalinin           Anton Volchenkov         

Goaltenders
Starting : Kari Lehtonen            
Backup : Ilya Bryzgalov           

Extra Forwards
Normal : Darroll Powe, Fredrik Sjostrom, Eric Fehr - PP : Darroll Powe, Fredrik Sjostrom - PK : Eric Fehr
Extra Defensemen
Normal : Adam Pardy, Dmitri Kalinin, Marco Scandella - PP : Adam Pardy - PK : Dmitri Kalinin, Marco Scandella
Penalty Shots
Benoit Pouliot, Derek Roy, Dustin Brown, Mikko Koivu, Jussi Jokinen

% Time on Ice - Rangers

Lines # - Real PCT - Wanted PCT - Time Play
Normal Forward
1 - 30% - 40% - 13:11
2 - 30% - 30% - 13:33
3 - 27% - 20% - 12:09
4 - 13% - 10% - 5:40
Normal Defense
1 - 39% - 40% - 17:11
2 - 32% - 30% - 14:27
3 - 25% - 20% - 11:11
4 - 4% - 10% - 1:44
PP Forward
1 - 53% - 60% - 5:31
2 - 47% - 40% - 4:52
PP Defense
1 - 58% - 60% - 6:01
2 - 42% - 40% - 4:22
PK Forward
1 - 75% - 60% - 3:09
2 - 25% - 40% - 1:03
PK Defense
1 - 58% - 60% - 2:25
2 - 42% - 40% - 1:47
PK3 Forward
1 - 0% - 60%
2 - 0% - 40%
PK3 Defense
1 - 0% - 60%
2 - 0% - 40%
44 Forward
1 - 0% - 60%
2 - 0% - 40%
44 Defense
1 - 0% - 60%
2 - 0% - 40%
Last Minute Offensive  - 0:52
Last Minute Defensive  - 0:00
Total
Forward - 60:00
Defense - 60:00

% Time on Ice - Jets

Lines # - Real PCT - Wanted PCT - Time Play
Normal Forward
1 - 31% - 38% - 13:55
2 - 27% - 28% - 12:02
3 - 24% - 24% - 10:49
4 - 17% - 10% - 7:47
Normal Defense
1 - 40% - 40% - 17:36
2 - 32% - 30% - 14:03
3 - 23% - 20% - 10:26
4 - 6% - 10% - 2:28
PP Forward
1 - 65% - 60% - 2:44
2 - 35% - 40% - 1:28
PP Defense
1 - 61% - 60% - 2:33
2 - 39% - 40% - 1:39
PK Forward
1 - 69% - 60% - 7:08
2 - 31% - 40% - 3:15
PK Defense
1 - 62% - 60% - 6:28
2 - 38% - 40% - 3:55
PK3 Forward
1 - 0% - 60%
2 - 0% - 40%
PK3 Defense
1 - 0% - 60%
2 - 0% - 40%
44 Forward
1 - 0% - 60%
2 - 0% - 40%
44 Defense
1 - 0% - 60%
2 - 0% - 40%
Last Minute Offensive  - 0:00
Last Minute Defensive  - 0:52
Total
Forward - 60:00
Defense - 60:00

Play by Play

1st period


0:01 of 1st period - Derek Roy wins face-off versus Patrice Bergeron in neutral zone.
1:12 of 1st period - Fredrik Sjostrom is hit by Jakob Silfverberg.
1:13 of 1st period - Icing by Fredrik Sjostrom.
1:14 of 1st period - Milan Lucic wins face-off versus Blair Betts in Jets zone.
1:22 of 1st period - Off-side.
1:23 of 1st period - Patrice Bergeron wins face-off versus Mikko Koivu in neutral zone.
1:38 of 1st period - Wrist shot by Patrice Bergeron.
1:38 of 1st period - Stopped by Kari Lehtonen without a rebound.
1:39 of 1st period - Derek Roy wins face-off versus Radek Bonk in Jets zone.
3:06 of 1st period - Slapshot by Mike Cammalleri.
3:06 of 1st period - Shot Misses the Net.
3:10 of 1st period - Snap shot by Mike Cammalleri.
3:10 of 1st period - Stopped by Kari Lehtonen with a rebound.
3:12 of 1st period - Slapshot by Mark Fistric.
3:12 of 1st period - Shot Misses the Net.
3:14 of 1st period - Wrist shot by Mike Cammalleri.
3:14 of 1st period - Stopped by Kari Lehtonen without a rebound.
3:15 of 1st period - Darroll Powe wins face-off versus Valtteri Filppula in Jets zone.
3:15 of 1st period - Darroll Powe is hit by Igor Radulov.
3:28 of 1st period - Icing by Staffan Kronwall.
3:29 of 1st period - Derek Roy wins face-off versus Valtteri Filppula in Rangers zone.
3:30 of 1st period - Wrist shot by Dustin Brown.
3:30 of 1st period - Shot Misses the Net.
3:32 of 1st period - Slapshot by Dustin Brown.
3:32 of 1st period - Stopped by Henrik Lundqvist without a rebound.
3:33 of 1st period - Patrice Bergeron wins face-off versus Derek Roy in Rangers zone.
4:15 of 1st period - Minor Penalty to Tomas Kopecky for Holding.
4:16 of 1st period - Darroll Powe wins face-off versus Patrice Bergeron in Jets zone.
4:27 of 1st period - Dmitri Kalinin is hit by Milan Lucic and loses puck.
4:44 of 1st period - Snap shot by Drew Stafford.
4:44 of 1st period - Shot Misses the Net.
4:52 of 1st period - Slapshot by Drew Stafford.
4:52 of 1st period - Shot Misses the Net.
5:28 of 1st period - Ryan Whitney is hit by Brendan Bell and loses puck.
6:15 of 1st period - Penalty to Tomas Kopecky is over, Tomas Kopecky is back on ice.
6:19 of 1st period - Brendan Bell is hit by Ryan Whitney and loses puck.
6:26 of 1st period - Daniel Sedin is hit by Jakob Silfverberg and loses puck.
6:39 of 1st period - Igor Radulov is hit by Dmitri Kalinin.
6:47 of 1st period - Minor Penalty to Eric Fehr for Hooking.
6:48 of 1st period - Darroll Powe wins face-off versus Patrice Bergeron in Jets zone.
8:21 of 1st period - Icing by Milan Lucic.
8:22 of 1st period - Derek Roy wins face-off versus Johan Franzen in Rangers zone.
8:23 of 1st period - Wrist shot by Daniel Sedin.
8:23 of 1st period - Shot Misses the Net.
8:47 of 1st period - Penalty to Eric Fehr is over, Eric Fehr is back on ice.
8:49 of 1st period - Milan Lucic is hit by Dmitri Kalinin and loses puck.
9:30 of 1st period - Drew Stafford is hit by Mikko Koivu.
9:43 of 1st period - Minor Penalty to Matt Greene for Roughing.
9:44 of 1st period - Derek Roy wins face-off versus Milan Lucic in Rangers zone.
11:43 of 1st period - Penalty to Matt Greene is over, Matt Greene is back on ice.
12:08 of 1st period - Eric Fehr is hit by Valtteri Filppula and loses puck.
12:13 of 1st period - Snap shot by Valtteri Filppula.
12:13 of 1st period - Stopped by Kari Lehtonen with a rebound.
13:38 of 1st period - Dustin Brown is hit by Alexei Emelin and loses puck.
13:51 of 1st period - Jussi Jokinen is hit by Matt Greene and loses puck.
14:02 of 1st period - Wrist shot by Blair Betts.
14:02 of 1st period - Stopped by Henrik Lundqvist without a rebound.
14:03 of 1st period - Blair Betts wins face-off versus Milan Lucic in Rangers zone.
14:23 of 1st period - Icing by Ryan Whitney.
14:24 of 1st period - Radek Bonk wins face-off versus Derek Roy in Rangers zone.
14:28 of 1st period - Off-side.
14:29 of 1st period - Derek Roy wins face-off versus Radek Bonk in neutral zone.
14:38 of 1st period - Wrist shot by Benoit Pouliot.
14:38 of 1st period - Deflect By Dustin Brown.
14:38 of 1st period - Stopped by Henrik Lundqvist with a rebound.
14:40 of 1st period - Wrist shot by Derek Roy.
14:40 of 1st period - Shot Blocked by Cam Barker.
14:42 of 1st period - Slapshot by Brendan Bell.
14:42 of 1st period - Stopped by Henrik Lundqvist without a rebound.
14:43 of 1st period - Derek Roy wins face-off versus Johan Franzen in Rangers zone.
15:36 of 1st period - Snap shot by Mikko Koivu.
15:36 of 1st period - Shot Misses the Net.
15:38 of 1st period - Slapshot by Anton Volchenkov.
15:38 of 1st period - Shot Blocked by Mark Fistric.
16:37 of 1st period - Radek Bonk is hit by George Parros and loses puck.
18:20 of 1st period - Snap shot by Derek Roy.
18:20 of 1st period - Shot Misses the Net.
18:36 of 1st period - Slapshot by Matt Read.
18:36 of 1st period - Stopped by Kari Lehtonen with a rebound.
18:38 of 1st period - Slapshot by Matt Greene.
18:38 of 1st period - Deflect By Igor Radulov.
18:38 of 1st period - Shot Blocked by Benoit Pouliot.
18:38 of 1st period - Puck is out of play.
18:39 of 1st period - Valtteri Filppula wins face-off versus Darroll Powe in Jets zone.
18:50 of 1st period - Snap shot by Igor Radulov.
18:50 of 1st period - Shot Misses the Net.
Goals for this period are 0 for Rangers vs 0 for Jets.
Shots for this period are 5 for Rangers vs 4 for Jets.

2nd period


0:01 of 2nd period - Derek Roy wins face-off versus Patrice Bergeron in neutral zone.
0:26 of 2nd period - Darroll Powe is hit by Drew Stafford.
0:36 of 2nd period - Snap shot by Mike Cammalleri.
0:36 of 2nd period - Stopped by Kari Lehtonen without a rebound.
0:37 of 2nd period - Derek Roy wins face-off versus Patrice Bergeron in Jets zone.
0:37 of 2nd period - Derek Roy is hit by Alexei Emelin.
0:45 of 2nd period - Johan Franzen is hit by Derek Roy and loses puck.
1:22 of 2nd period - Wrist shot by Valtteri Filppula.
1:22 of 2nd period - Stopped by Kari Lehtonen without a rebound.
1:23 of 2nd period - Valtteri Filppula wins face-off versus Jussi Jokinen in Jets zone.
2:12 of 2nd period - Dmitri Kalinin is hit by Mark Fistric and loses puck.
2:49 of 2nd period - Snap shot by Igor Radulov.
2:49 of 2nd period - Stopped by Kari Lehtonen without a rebound.
2:50 of 2nd period - Mikko Koivu wins face-off versus Valtteri Filppula in Jets zone.
3:01 of 2nd period - Snap shot by Tomas Kopecky.
3:01 of 2nd period - Shot Misses the Net.
3:21 of 2nd period - Slapshot by Cam Barker.
3:21 of 2nd period - Stopped by Kari Lehtonen without a rebound.
3:22 of 2nd period - Patrice Bergeron wins face-off versus Derek Roy in Jets zone.
4:13 of 2nd period - Snap shot by Milan Lucic.
4:13 of 2nd period - Shot Blocked by Derek Roy.
4:15 of 2nd period - Slapshot by Milan Lucic.
4:15 of 2nd period - Rangers goal is going for a video replay.
4:15 of 2nd period - The goal is refused. The puck has entered the net after making contact with an attacking player’s stick that is above the height of the crossbar..
4:16 of 2nd period - Radek Bonk wins face-off versus Darroll Powe in Jets zone.
4:27 of 2nd period - Snap shot by Drew Stafford.
4:27 of 2nd period - Shot Misses the Net.
4:52 of 2nd period - Wrist shot by Mikko Koivu.
4:52 of 2nd period - Stopped by Henrik Lundqvist with a rebound.
5:18 of 2nd period - Snap shot by Daniel Sedin.
5:18 of 2nd period - Shot Misses the Net.
5:20 of 2nd period - Slapshot by Daniel Sedin.
5:20 of 2nd period - Goal by Daniel Sedin - Rangers : 0 - Jets : 1.
5:21 of 2nd period - Derek Roy wins face-off versus Patrice Bergeron in neutral zone.
5:52 of 2nd period - Snap shot by Daniel Sedin.
5:52 of 2nd period - Stopped by Henrik Lundqvist with a rebound.
6:16 of 2nd period - Wrist shot by Valtteri Filppula.
6:16 of 2nd period - Stopped by Kari Lehtonen without a rebound.
6:17 of 2nd period - Derek Roy wins face-off versus Johan Franzen in Jets zone.
6:30 of 2nd period - Slapshot by Patrice Bergeron.
6:30 of 2nd period - Shot Hit the Post.
6:32 of 2nd period - Snap shot by Patrice Bergeron.
6:32 of 2nd period - Stopped by Kari Lehtonen without a rebound.
6:33 of 2nd period - Darroll Powe wins face-off versus Drew Stafford in Jets zone.
6:33 of 2nd period - Darroll Powe is hit by Radek Bonk.
6:36 of 2nd period - Double Minor Penalty to George Parros for Roughing.
6:37 of 2nd period - Johan Franzen wins face-off versus Dustin Brown in Jets zone.
6:47 of 2nd period - Wrist shot by Milan Lucic.
6:47 of 2nd period - Shot Misses the Net.
6:49 of 2nd period - Slapshot by Ryan Whitney.
6:49 of 2nd period - Goal by Ryan Whitney - Rangers : 1 - Jets : 1.
6:50 of 2nd period - Darroll Powe wins face-off versus Patrice Bergeron in neutral zone.
7:25 of 2nd period - Slapshot by Mike Cammalleri.
7:25 of 2nd period - Shot Blocked by Derek Roy.
8:49 of 2nd period - Penalty to George Parros is over, George Parros is back on ice.
9:25 of 2nd period - Milan Lucic is hit by Blair Betts and loses puck.
9:32 of 2nd period - Wrist shot by Blair Betts.
9:32 of 2nd period - Deflect By Alexei Emelin.
9:32 of 2nd period - Stopped by Henrik Lundqvist without a rebound.
9:33 of 2nd period - Mikko Koivu wins face-off versus Radek Bonk in Rangers zone.
9:34 of 2nd period - Snap shot by Jussi Jokinen.
9:34 of 2nd period - Stopped by Henrik Lundqvist without a rebound.
9:35 of 2nd period - Mikko Koivu wins face-off versus Radek Bonk in Rangers zone.
9:38 of 2nd period - Wrist shot by Jussi Jokinen.
9:38 of 2nd period - Stopped by Henrik Lundqvist without a rebound.
9:39 of 2nd period - Mikko Koivu wins face-off versus Radek Bonk in Rangers zone.
10:22 of 2nd period - Adam Pardy is hit by Johan Franzen and loses puck.
10:33 of 2nd period - Wrist shot by Patrice Bergeron.
10:33 of 2nd period - Shot Blocked by Benoit Pouliot.
10:35 of 2nd period - Snap shot by Patrice Bergeron.
10:35 of 2nd period - Stopped by Kari Lehtonen without a rebound.
10:36 of 2nd period - Darroll Powe wins face-off versus Radek Bonk in Jets zone.
10:36 of 2nd period - Darroll Powe is hit by Mark Fistric.
10:52 of 2nd period - Wrist shot by Radek Bonk.
10:52 of 2nd period - Stopped by Kari Lehtonen without a rebound.
10:53 of 2nd period - Patrice Bergeron wins face-off versus Mikko Koivu in Jets zone.
11:02 of 2nd period - Icing by Milan Lucic.
11:03 of 2nd period - Tomas Kopecky wins face-off versus Patrice Bergeron in Rangers zone.
11:08 of 2nd period - Snap shot by Mikko Koivu.
11:08 of 2nd period - Shot Misses the Net.
11:10 of 2nd period - Slapshot by Marco Scandella.
11:10 of 2nd period - Stopped by Henrik Lundqvist without a rebound.
11:11 of 2nd period - Milan Lucic wins face-off versus Derek Roy in Rangers zone.
11:11 of 2nd period - Milan Lucic is hit by Derek Roy.
11:30 of 2nd period - Minor Penalty to Ryan Whitney for Hooking.
11:31 of 2nd period - Milan Lucic wins face-off versus Derek Roy in Rangers zone.
11:58 of 2nd period - Alexei Emelin is hit by Daniel Sedin and loses puck.
12:03 of 2nd period - Wrist shot by Daniel Sedin.
12:03 of 2nd period - Stopped by Henrik Lundqvist without a rebound.
12:04 of 2nd period - Milan Lucic wins face-off versus Jussi Jokinen in Rangers zone.
12:04 of 2nd period - Milan Lucic is hit by Mikko Koivu.
12:22 of 2nd period - Snap shot by Daniel Sedin.
12:22 of 2nd period - Stopped by Henrik Lundqvist without a rebound.
12:23 of 2nd period - Milan Lucic wins face-off versus Derek Roy in Rangers zone.
12:36 of 2nd period - Slapshot by Benoit Pouliot.
12:36 of 2nd period - Shot Misses the Net.
13:08 of 2nd period - Snap shot by Benoit Pouliot.
13:08 of 2nd period - Shot Misses the Net.
13:18 of 2nd period - Snap shot by Benoit Pouliot.
13:18 of 2nd period - Shot Misses the Net.
13:30 of 2nd period - Penalty to Ryan Whitney is over, Ryan Whitney is back on ice.
13:32 of 2nd period - Snap shot by Derek Roy.
13:32 of 2nd period - Stopped by Henrik Lundqvist with a rebound.
13:43 of 2nd period - Slapshot by Derek Roy.
13:43 of 2nd period - Deflect By Benoit Pouliot.
13:43 of 2nd period - Stopped by Henrik Lundqvist without a rebound.
13:44 of 2nd period - Darroll Powe wins face-off versus Valtteri Filppula in Rangers zone.
14:09 of 2nd period - Mikko Koivu is hit by Drew Stafford and loses puck.
14:38 of 2nd period - Wrist shot by Eric Fehr.
14:38 of 2nd period - Deflect By Fredrik Sjostrom.
14:38 of 2nd period - Stopped by Henrik Lundqvist without a rebound.
14:39 of 2nd period - Patrice Bergeron wins face-off versus Darroll Powe in Rangers zone.
14:44 of 2nd period - Staffan Kronwall is hit by George Parros and loses puck.
14:55 of 2nd period - Wrist shot by Milan Lucic.
14:55 of 2nd period - Shot Misses the Net.
15:05 of 2nd period - Igor Radulov is hit by Adam Pardy and loses puck.
15:24 of 2nd period - Wrist shot by Brendan Bell.
15:24 of 2nd period - Stopped by Henrik Lundqvist with a rebound.
15:59 of 2nd period - Ryan Whitney is hit by George Parros and loses puck.
16:35 of 2nd period - Slapshot by Eric Fehr.
16:35 of 2nd period - Shot Misses the Net.
16:44 of 2nd period - Icing by Marco Scandella.
16:45 of 2nd period - Johan Franzen wins face-off versus Blair Betts in Jets zone.
17:06 of 2nd period - Slapshot by Eric Fehr.
17:06 of 2nd period - Shot Misses the Net.
17:09 of 2nd period - Icing by Cam Barker.
17:10 of 2nd period - Derek Roy wins face-off versus Valtteri Filppula in Rangers zone.
17:34 of 2nd period - Icing by Valtteri Filppula.
17:35 of 2nd period - Valtteri Filppula wins face-off versus Darroll Powe in Rangers zone.
18:00 of 2nd period - Drew Stafford is hit by Marco Scandella and loses puck.
18:20 of 2nd period - Icing by Drew Stafford.
18:21 of 2nd period - Milan Lucic wins face-off versus Mikko Koivu in Rangers zone.
18:56 of 2nd period - Wrist shot by Valtteri Filppula.
18:56 of 2nd period - Shot Blocked by Anton Volchenkov.
19:36 of 2nd period - Slapshot by Dmitri Kalinin.
19:36 of 2nd period - Stopped by Henrik Lundqvist without a rebound.
19:37 of 2nd period - Dustin Brown wins face-off versus Radek Bonk in Rangers zone.
19:42 of 2nd period - Wrist shot by Dustin Brown.
19:42 of 2nd period - Shot Hit the Post.
19:44 of 2nd period - Snap shot by Derek Roy.
19:44 of 2nd period - Stopped by Henrik Lundqvist without a rebound.
19:45 of 2nd period - Radek Bonk wins face-off versus Derek Roy in Rangers zone.
Goals for this period are 1 for Rangers vs 1 for Jets.
Shots for this period are 10 for Rangers vs 15 for Jets.

3rd period


0:01 of 3rd period - Derek Roy wins face-off versus Patrice Bergeron in neutral zone.
0:26 of 3rd period - Ryan Whitney is hit by Daniel Sedin.
0:54 of 3rd period - Slapshot by Igor Radulov.
0:54 of 3rd period - Shot Blocked by Tomas Kopecky.
1:11 of 3rd period - Minor Penalty to Blair Betts for Interference.
1:12 of 3rd period - Darroll Powe wins face-off versus Patrice Bergeron in Jets zone.
1:23 of 3rd period - Wrist shot by Patrice Bergeron.
1:23 of 3rd period - Stopped by Kari Lehtonen with a rebound.
1:25 of 3rd period - Snap shot by Patrice Bergeron.
1:25 of 3rd period - Stopped by Kari Lehtonen with a rebound.
3:11 of 3rd period - Penalty to Blair Betts is over, Blair Betts is back on ice.
3:25 of 3rd period - Slapshot by Alexei Emelin.
3:25 of 3rd period - Stopped by Kari Lehtonen without a rebound.
3:26 of 3rd period - Mikko Koivu wins face-off versus Valtteri Filppula in Jets zone.
5:26 of 3rd period - Slapshot by Chris Phillips.
5:26 of 3rd period - Shot Blocked by Ryan Whitney.
5:46 of 3rd period - Chris Phillips is hit by Matt Read and loses puck.
5:58 of 3rd period - Off-side.
5:59 of 3rd period - Radek Bonk wins face-off versus Mikko Koivu in neutral zone.
6:04 of 3rd period - Slapshot by Drew Stafford.
6:04 of 3rd period - Shot Misses the Net.
6:26 of 3rd period - Milan Lucic is hit by Adam Pardy and loses puck.
6:53 of 3rd period - Snap shot by Daniel Sedin.
6:53 of 3rd period - Shot Misses the Net.
8:28 of 3rd period - Mark Fistric is hit by Marco Scandella.
8:36 of 3rd period - Dustin Brown is hit by Mike Cammalleri and loses puck.
8:53 of 3rd period - Slapshot by Marco Scandella.
8:53 of 3rd period - Stopped by Henrik Lundqvist without a rebound.
8:54 of 3rd period - Mikko Koivu wins face-off versus Valtteri Filppula in Rangers zone.
9:05 of 3rd period - Slapshot by Jussi Jokinen.
9:05 of 3rd period - Stopped by Henrik Lundqvist with a rebound.
9:28 of 3rd period - Wrist shot by Daniel Sedin.
9:28 of 3rd period - Shot Misses the Net.
10:49 of 3rd period - Matt Greene is hit by Marco Scandella and loses puck.
10:52 of 3rd period - Wrist shot by Chris Bourque.
10:52 of 3rd period - Stopped by Kari Lehtonen without a rebound.
10:53 of 3rd period - Derek Roy wins face-off versus Milan Lucic in Jets zone.
10:53 of 3rd period - Adam Pardy is hit by Chris Bourque and loses puck.
11:08 of 3rd period - Minor Penalty to Benoit Pouliot for High sticking.
11:09 of 3rd period - Darroll Powe wins face-off versus Patrice Bergeron in Jets zone.
11:09 of 3rd period - Darroll Powe is hit by Ryan Whitney.
11:36 of 3rd period - Off-side.
11:37 of 3rd period - Darroll Powe wins face-off versus Radek Bonk in neutral zone.
11:46 of 3rd period - Snap shot by Mark Fistric.
11:46 of 3rd period - Stopped by Kari Lehtonen with a rebound.
11:48 of 3rd period - Slapshot by Radek Bonk.
11:48 of 3rd period - Shot Misses the Net.
11:52 of 3rd period - Snap shot by Mike Cammalleri.
11:52 of 3rd period - Stopped by Kari Lehtonen with a rebound.
11:56 of 3rd period - Wrist shot by Mike Cammalleri.
11:56 of 3rd period - Shot Misses the Net.
11:58 of 3rd period - Slapshot by Matt Greene.
11:58 of 3rd period - Deflect By Radek Bonk.
11:58 of 3rd period - Stopped by Kari Lehtonen without a rebound.
11:59 of 3rd period - Darroll Powe wins face-off versus Patrice Bergeron in Jets zone.
11:59 of 3rd period - Darroll Powe is hit by Milan Lucic.
13:08 of 3rd period - Penalty to Benoit Pouliot is over, Benoit Pouliot is back on ice.
13:20 of 3rd period - Alexei Emelin is hit by Chris Phillips and loses puck.
15:35 of 3rd period - Cam Barker is hit by Daniel Sedin and loses puck.
16:06 of 3rd period - Icing by Chris Phillips.
16:07 of 3rd period - Mikko Koivu wins face-off versus Patrice Bergeron in Jets zone.
16:52 of 3rd period - Brendan Bell is hit by Mike Cammalleri and loses puck.
17:03 of 3rd period - Wrist shot by Jussi Jokinen.
17:03 of 3rd period - Stopped by Henrik Lundqvist with a rebound.
17:13 of 3rd period - Snap shot by Dmitri Kalinin.
17:13 of 3rd period - Shot Misses the Net.
17:15 of 3rd period - Wrist shot by Fredrik Sjostrom.
17:15 of 3rd period - Shot Hit the Post.
17:19 of 3rd period - Snap shot by Blair Betts.
17:19 of 3rd period - Shot Misses the Net.
17:21 of 3rd period - Wrist shot by Blair Betts.
17:21 of 3rd period - Stopped by Henrik Lundqvist without a rebound.
17:22 of 3rd period - Darroll Powe wins face-off versus Valtteri Filppula in Rangers zone.
17:25 of 3rd period - Snap shot by Daniel Sedin.
17:25 of 3rd period - Shot Blocked by Cam Barker.
17:47 of 3rd period - Minor Penalty to Milan Lucic for Holding.
17:48 of 3rd period - Derek Roy wins face-off versus Valtteri Filppula in Rangers zone.
17:53 of 3rd period - Slapshot by Benoit Pouliot.
17:53 of 3rd period - Stopped by Henrik Lundqvist without a rebound.
17:54 of 3rd period - Derek Roy wins face-off versus Valtteri Filppula in Rangers zone.
18:01 of 3rd period - Snap shot by Dustin Brown.
18:01 of 3rd period - Deflect By Derek Roy.
18:01 of 3rd period - Goal by Derek Roy - Rangers : 1 - Jets : 2.
18:02 of 3rd period - Darroll Powe wins face-off versus Patrice Bergeron in neutral zone.
18:14 of 3rd period - Icing by Milan Lucic.
18:15 of 3rd period - Milan Lucic wins face-off versus Darroll Powe in Rangers zone.
18:20 of 3rd period - Slapshot by Johan Franzen.
18:20 of 3rd period - Shot Misses the Net.
18:52 of 3rd period - Off-side.
18:53 of 3rd period - Michel Therrien call a timeout for Rangers.
18:53 of 3rd period - Darroll Powe wins face-off versus Patrice Bergeron in neutral zone.
19:08 of 3rd period - Rangers, Henrik Lundqvist is pulled from the net.
19:10 of 3rd period - Wrist shot by Milan Lucic.
19:10 of 3rd period - Shot Misses the Net.
19:12 of 3rd period - Slapshot by Ryan Whitney.
19:12 of 3rd period - Stopped by Kari Lehtonen with a rebound.
19:14 of 3rd period - Snap shot by Johan Franzen.
19:14 of 3rd period - Stopped by Kari Lehtonen without a rebound.
19:15 of 3rd period - Darroll Powe wins face-off versus Patrice Bergeron in Jets zone.
19:37 of 3rd period - Slapshot by Johan Franzen.
19:37 of 3rd period - Shot Misses the Net.
19:44 of 3rd period - Minor Penalty to Anton Volchenkov for Holding.
19:45 of 3rd period - Darroll Powe wins face-off versus Radek Bonk in Jets zone.
19:45 of 3rd period - Darroll Powe is hit by Mike Cammalleri.
19:54 of 3rd period - Wrist shot by Mike Cammalleri.
19:54 of 3rd period - Shot Misses the Net.
19:56 of 3rd period - Snap shot by Mike Cammalleri.
19:56 of 3rd period - Deflect By Drew Stafford.
19:56 of 3rd period - Shot Misses the Net.
19:56 of 3rd period - Puck is out of play.
19:57 of 3rd period - Darroll Powe wins face-off versus Patrice Bergeron in Jets zone.
Goals for this period are 0 for Rangers vs 1 for Jets.
Shots for this period are 9 for Rangers vs 6 for Jets.